Map: Newkirk Precinct TE (Void)

Players

Namshar - Winner!

  • Race: Zerg Zerg
  • Spawn Location: 5:00

Erik

  • Race: Zerg Zerg
  • Spawn Location: 7:00

Event: WESG 2016 Finals

VOD

Have the link to the VOD?

Description

Time

  • Played on: Jan. 11, 2017, 11:50 p.m.
  • Length: 11:25

All games in this series

Show
View Real Time Build Order
Export as new Build Order

Namshar Zerg - Winner!

Build Orders: Hatch First 

Get SALT Encoding   

  12  0:00  Drone  
  13  0:13  Overlord  
  13  0:17  Drone  
  14  0:31  Drone x2  
  14  0:34  Drone  
  17  0:52  Hatchery  
  17  0:55  Drone  
  17  0:58  Drone  
  18  1:09  Extractor  
  17  1:13  Spawning Pool  
  17  1:17  Drone  
  17  1:20  Drone  
  18  1:28  Drone  
  19  1:39  Overlord  
  19  1:50  Drone  
  20  1:59  Queen  
  20  2:00  Zergling x2  
  23  2:04  Drone, Queen  
  26  2:10  Metabolic Boost  
  26  2:12  Drone  
  27  2:16  Drone  
  27  2:22  Zergling x2  
  29  2:27  Drone  
  30  2:31  Baneling Nest  
  30  2:32  Drone  
  30  2:38  Drone  
  31  2:50  Drone  
  32  2:54  Hatchery  
  32  2:58  Zergling x4  
  33  2:59  Zergling x2  
  33  3:05  Overlord  
  34  3:12  Queen  
  36  3:28  Drone x2  
  36  3:29  Baneling x2  
  36  3:33  Drone x5  
  43  3:38  Drone  
  43  3:44  Overlord  
  43  3:46  Roach Warren  
  42  3:54  Queen  
  44  3:57  Baneling x2  
  43  4:10  Baneling  
  43  4:11  Zergling x6  
  43  4:15  Drone x2  
  43  4:16  Drone, Extractor  
  48  4:21  Drone x3  
  48  4:22  Drone  
  52  4:28  Zergling x4  
  52  4:29  Zergling x2  
  51  4:48  Roach x4  
  56  4:53  Overlord x4  
  56  4:56  Baneling x2  
  56  5:05  Overlord  
  55  5:07  Roach  
  57  5:15  Roach x3  
  57  5:16  Roach x5  
  73  5:22  Overlord  
  73  5:23  Roach  
  73  5:25  Roach  
  73  5:27  Zergling x4  
  79  5:30  Overlord  
  79  5:38  Roach x2  
  79  5:42  Roach  
  85  5:44  Roach  
  85  5:48  Zergling x6  
  88  5:52  Overlord x2  
  88  5:57  Drone  
  89  5:58  Extractor  
  89  6:01  Drone  
  89  6:02  Drone x2, Overlord  
  91  6:06  Evolution Chamber  
  91  6:07  Overlord  
  88  6:30  Lair  
  88  6:32  Zerg Missile Weapons Level 1  
  87  6:33  Drone x7  
  87  6:34  Drone  
  95  6:45  Roach x5  
  93  6:59  Drone x2  
  93  7:00  Drone  
  88  7:05  Queen  
  88  7:12  Drone x2  
  86  7:24  Roach x7  
  96  7:30  Ravager  
  96  7:32  Queen  
  96  7:33  Drone  
  96  7:34  Overlord  
  100  7:37  Glial Reconstitution  
  100  7:42  Roach  
  100  7:43  Overlord x2  
  102  7:48  Roach x2  
  106  7:52  Overlord  
  106  7:54  Roach  
  106  7:55  Roach  
  110  7:59  Overlord  
  110  8:01  Extractor  
  110  8:02  Drone x3  
  112  8:06  Roach x3  
  112  8:12  Drone  
  119  8:14  Extractor  
  119  8:15  Drone x3  
  119  8:19  Roach  
  129  8:20  Roach x3  
  129  8:21  Unknown  
  129  8:28  Overlord  
  129  8:29  Roach x3  
  129  8:33  Overlord  
  135  8:36  Zergling x2  
  136  8:43  Zergling x16  
  144  8:49  Zerg Missile Weapons Level 2  
  144  8:51  Ravager  
  144  8:54  Zergling x8  
  150  8:55  Ravager  
  150  8:57  Overlord  
  150  9:01  Ravager  
  150  9:02  Zergling x4  
  153  9:03  Zergling x2  
  153  9:05  Drone  
  153  9:06  Drone  
  153  9:07  Extractor  
  153  9:09  Ravager  
  156  9:10  Drone x2  
  156  9:11  Drone  
  152  9:35  Drone  
  149  9:39  Roach  
  149  9:40  Roach x9  
  149  9:44  Ravager  
  170  9:46  Hatchery  
  170  9:48  Ravager  
  170  9:49  Roach x4  
  173  10:01  Roach x6  
  177  10:22  Roach x4  
  177  10:23  Roach  
  168  10:30  Roach x5  
  160  10:43  Roach  
  160  10:44  Roach x8  
  176  10:50  Roach x2  
  176  10:55  Roach x3  
Show
View Real Time Build Order
Export as new Build Order

Erik Zerg 

Build Orders: Hatch First 

Get SALT Encoding   

  12  0:01  Drone  
  13  0:13  Overlord  
  13  0:19  Drone  
  14  0:32  Drone x2  
  14  0:35  Drone  
  17  0:54  Hatchery  
  17  0:57  Drone  
  17  1:00  Drone  
  17  1:03  Extractor  
  17  1:07  Drone  
  18  1:19  Spawning Pool  
  18  1:22  Drone  
  18  1:29  Overlord  
  18  2:06  Metabolic Boost, Queen, Zergling x6  
  23  2:09  Queen  
  25  2:17  Drone  
  25  2:18  Drone  
  25  2:20  Drone  
  28  2:27  Drone  
  28  2:28  Drone  
  30  2:38  Drone x2  
  32  2:51  Hatchery  
  31  2:54  Drone  
  32  2:59  Overlord  
  32  3:20  Drone x5  
  32  3:22  Zergling x8  
  41  3:27  Zergling x4  
  43  3:37  Zergling x4  
  43  3:40  Extractor  
  43  3:44  Roach Warren, Zergling x2  
  43  3:45  Zergling x2  
  43  3:47  Overlord  
  44  3:58  Overlord  
  44  4:08  Drone x5  
  48  4:15  Drone  
  48  4:16  Queen  
  48  4:23  Overlord  
  50  4:35  Roach x6  
  59  4:50  Roach  
  59  4:51  Roach x5  
  66  5:02  Zergling x6  
  69  5:10  Zergling x4  
  69  5:15  Evolution Chamber  
  69  5:21  Zergling x6  
  69  5:25  Overlord  
  69  5:27  Ravager x3  
  74  5:30  Extractor  
  74  5:31  Ravager  
  73  5:44  Zergling x2  
  73  5:45  Zergling x14  
  73  5:49  Drone x3  
  81  5:52  Zerg Missile Weapons Level 1  
  81  5:56  Overlord x3  
  81  6:06  Overlord  
  81  6:24  Roach x7  
  95  6:37  Roach x4  
  102  6:51  Drone x8  
  101  6:57  Lair  
  101  7:00  Extractor  
  91  7:06  Drone x3  
  92  7:13  Overlord  
  83  7:29  Drone x3  
  82  7:33  Drone x2  
  82  7:34  Drone  
  85  7:37  Drone x2  
  85  7:38  Drone x2  
  85  7:43  Overlord  
  89  7:50  Hatchery  
  88  7:52  Ravager x2  
  88  7:54  Glial Reconstitution  
  88  7:55  Zerg Missile Weapons Level 2  
  88  7:58  Roach x4  
  98  8:04  Overseer  
  98  8:11  Drone  
  98  8:12  Drone x3  
  102  8:13  Overlord  
  102  8:16  Overlord  
  102  8:26  Drone x3  
  105  8:28  Roach  
  105  8:29  Roach x7  
  121  8:34  Overlord  
  121  8:37  Extractor  
  121  8:40  Hydralisk Den  
  119  8:42  Overlord  
  119  8:49  Roach x6  
  131  8:58  Roach  
  131  9:00  Evolution Chamber, Burrow  
  132  9:03  Roach x3  
  132  9:04  Roach  
  132  9:09  Roach x2  
  128  9:26  Roach  
  128  9:27  Roach x2  
  128  9:31  Roach x8  
  148  9:42  Ravager  
  148  9:43  Ravager x3  
  152  9:46  Roach x5  
  152  9:48  Overlord  
  162  9:54  Overlord  
  160  10:06  Overlord  
  160  10:10  Overlord x2  
  160  10:17  Hatchery  
  118  10:29  Roach  
  118  10:30  Roach x8  
  112  10:44  Roach  
  112  10:45  Roach x6  
Tags
 
Add a new tag
Caveats
  • Supply blocks, unpowered buildings, or Contaminate may cause inaccurate times.
  • Supply counts are checked every 10 seconds.